 Dungeon Crawl Stone Soup version 0.21-a0-273-g0785366 (webtiles) character file.

137 wup the Poker (level 5, 0/38 HPs)
             Began as a Merfolk Skald on Sept 17, 2017.
             Slain by Sigmund
             ... wielding a +0 scythe
              (2 damage)
             ... on level 2 of the Dungeon.
             The game lasted 00:10:00 (3287 turns).

wup the Poker (Merfolk Skald)                       Turns: 3287, Time: 00:10:01

Health: 0/38       AC:  3    Str: 11    XL:     5   Next: 20%
Magic:  5/8        EV: 12    Int: 12    God:
Gold:   116        SH:  0    Dex: 15    Spells: 7/8 levels left

rFire    + . .     SeeInvis .   a - +0 spear
rCold    . . .     Gourm    .   (no shield)
rNeg     . . .     Faith    .   s - +0 leather armour
rPois    .         Spirit   .   (no helmet)
rElec    .         Reflect  .   (no cloak)
rCorr    .         Harm     .   (no gloves)
MR       .....                  (no boots)
Stlth    +.........             (no amulet)
HPRegen  0.12/turn              m - ring of protection from fire
MPRegen  0.11/turn              (no ring)

@: no status effects
A: change form in water, swift swim, stealthy swim
a: no special abilities


You were on level 2 of the Dungeon.
You were not hungry.

You visited 1 branch of the dungeon, and saw 3 of its levels.

You collected 116 gold pieces.

Inventory:

Hand Weapons
 a - a +0 spear (weapon)
 b - a +0 blowgun
Missiles
 h - 7 needles of sleeping (quivered)
 t - 34 poisoned needles
Armour
 s - a +0 leather armour (worn)
Jewellery
 m - a ring of protection from fire (left hand)
Scrolls
 e - 4 scrolls of remove curse {unknown}
 g - 2 scrolls of teleportation {unknown}
 i - 2 scrolls of enchant weapon {unknown}
 l - 5 scrolls of identify
 p - a scroll of enchant armour {unknown}
 u - a scroll of recharging {unknown}
 v - a scroll of magic mapping {unknown}
Potions
 j - 2 potions of flight
Books
 c - a book of Battle

   Spells                             Type                      Level
   a - Infusion                       Charms                       1
   b - Shroud of Golubria             Charms/Translocation         2
   c - Song of Slaying                Charms                       2
   d - Spectral Weapon                Hexes/Charms                 3
   e - Regeneration                   Charms/Necromancy            3
 o - a book of Conjurations

   Spells                             Type                      Level
   a - Magic Dart                     Conjuration                  1
   b - Searing Ray                    Conjuration                  2
   c - Dazzling Spray                 Conjuration/Hexes            3
   d - Fulminant Prism                Conjuration/Hexes            4
   e - Force Lance                    Conjuration/Translocation    4
   f - Iskenderun's Mystic Blast      Conjuration                  4
Comestibles
 d - a bread ration
 f - 3 royal jellies
 n - a chunk of flesh
 q - 2 meat rations
 r - 2 fruits


   Skills:
 - Level 2.1 Fighting
 + Level 7.0 Polearms
 - Level 0.6 Armour
 - Level 2.6 Dodging
 - Level 2.0 Spellcasting
 - Level 4.0 Charms


You had 7 spell levels left.
You knew the following spells:

 Your Spells              Type           Power        Failure   Level  Hunger
a - Infusion              Chrm           ##..         7%          1    ##.....


Dungeon Overview and Level Annotations

Branches:
Dungeon (3/15)

Altars:

Annotations:
D:2 Sigmund


Message History

* * * LOW HITPOINT WARNING * * *
Something hits you.
* * * LOW HITPOINT WARNING * * *
You feel less confused.
Something tries to affect you, but you resist.
A puff of flame appears from out of thin air!
The puff of flame misses you.
You are confused.
A magic dart appears from out of thin air!
The magic dart hits you!
* * * LOW HITPOINT WARNING * * *
You are more confused.
You're too confused to move!
Something hits you.
* * * LOW HITPOINT WARNING * * *
You hear some strange, mumbled words.
Something tries to affect you, but you resist.
You feel less confused. Something hits you.
You die...

.......####....#####......###....
.......#........# ......# #....
...(.(.....##...#####.###.# #....
##.....#<...........#.###.###....
##.(...#.........................
.................................
.................................
.........####...####........##...
.))......######.@.........#.##..#
....................#####....#...
#.....##............#####.#..#...
#.######............#.(..........
#.##.....######.....#.........#..
.........#..........#......#.....
.........#..........#.........#..
.........#.................##.#..
......####.................##.#..


There were no monsters in sight!

Vanquished Creatures
  5 adders
  2 dart slugs (D:1)
  2 leopard geckos (D:1)
  6 orcs (D:3)
  7 giant cockroaches
  14 hobgoblins
  2 jackals (D:3)
  11 kobolds
  A quokka (D:3)
  2 ball pythons (D:3)
  6 bats
  2 frilled lizards
  8 goblins
  10 rats
78 creatures vanquished.

Notes
Turn   | Place    | Note
-------+----------+-------------------------------------------
     0 | D:1      | wup the Merfolk Skald began the quest for the Orb.
     0 | D:1      | Reached XP level 1. HP: 16/16 MP: 3/3
    89 | D:1      | Reached XP level 2. HP: 11/22 MP: 5/5
   392 | D:1      | Reached skill level 4 in Polearms
   394 | D:1      | Reached XP level 3. HP: 27/27 MP: 6/6
  1243 | D:2      | Noticed Sigmund
  1595 | D:3      | Reached skill level 5 in Polearms
  1786 | D:3      | Reached XP level 4. HP: 24/33 MP: 2/7
  2329 | D:3      | Reached skill level 6 in Polearms
  2789 | D:2      | Reached XP level 5. HP: 25/38 MP: 3/8
  3162 | D:2      | Reached skill level 7 in Polearms
  3287 | D:2      | Slain by Sigmund

Vault maps used:
D:1:      roderic_chinese_lattice_arrival, minmay_cut_off
D:2:      st_stairs_3, uniq_sigmund, uniq_jessica

Skill      XL: |  1  2  3  4  5 |
---------------+----------------+-----
Charms         | 4 |  4.0
Polearms       | 4 5 6 7 |  7.0
Fighting       | |  2.1
Armour         | |  0.6
Dodging        | |  2.6
Spellcasting   | |  2.0

Action                   |  1- 3 |  4- 6 || total
-------------------------+-------+-------++-------
Melee: Spear             |   149 |   145 ||   294
 Cast: Infusion          |     6 |    11 ||    17
  Use: Scroll            |       |     2 ||     2
       Potion            |       |     1 ||     1
 Stab: Sleeping          |     1 |     2 ||     3
  Eat: Chunk             |     3 |     5 ||     8
Armor: Leather armour    |    15 |    15 ||    30
Dodge: Dodged            |    49 |    79 ||   128

Table legend:
 A = Spawn XP
 B = Non-spawn XP
 C = Spawn XP percentage of total XP
 D = Spawn monster count
 E = Non-spawn monster count
 F = Spawn count percentage of total count
 G = Total turns spent on level
                    A         B        C        D         E        F      G
               +---------+---------+-------+---------+---------+-------+---------
         Total |       0 |     196 |   0.0 |       0 |      78 |   0.0 |  3287
               +---------+---------+-------+---------+---------+-------+---------
           D:1 |       0 |      63 |   0.0 |       0 |      37 |   0.0 |  1167
           D:2 |       0 |      46 |   0.0 |       0 |      13 |   0.0 |   634
           D:3 |       0 |      87 |   0.0 |       0 |      28 |   0.0 |  1486
               +---------+---------+-------+---------+---------+-------+---------
